Map: Deathaura LE

Players

DPGCure (Cure) - Winner!

  • Race: Terran Terran
  • League: Master
  • Spawn Location: 11:00

ByuN

  • Race: Terran Terran
  • League: Diamond
  • Spawn Location: 5:00

Event: TSL 6

VOD

Have the link to the VOD?

Description

Time

  • Played on: Dec. 12, 2020, 5:49 p.m.
  • Length: 18:36

All games in this series

Show
View Real Time Build Order
Export as new Build Order

DPGCure Terran - Winner!

Build Orders:  

Get SALT Encoding   

  12  0:00  SCV  
  13  0:12  SCV  
  14  0:17  Supply Depot  
  14  0:24  SCV  
  15  0:39  Barracks, SCV  
  15  0:42  Refinery  
  16  0:51  SCV  
  16  0:52  Refinery  
  17  1:03  SCV  
  18  1:15  SCV  
  19  1:26  Reaper  
  19  1:27  Orbital Command  
  19  1:29  Supply Depot  
  20  1:43  Factory  
  20  1:53  SCV  
  21  1:58  Reaper  
  22  2:05  SCV  
  23  2:17  SCV  
  23  2:22  Command Center  
  24  2:26  Hellion  
  26  2:30  SCV, Reaper  
  28  2:38  Supply Depot  
  28  2:42  SCV  
  29  2:48  Hellion  
  31  2:57  Starport  
  31  3:00  SCV  
  32  3:07  Barracks Tech Lab  
  32  3:10  Factory Tech Lab  
  32  3:12  SCV  
  33  3:19  Refinery  
  33  3:24  SCV  
  34  3:28  Cyclone  
  34  3:34  Orbital Command  
  37  3:36  Barracks Reactor, SCV  
  38  3:45  Raven  
  40  3:48  SCV  
  41  3:59  Command Center  
  41  4:00  SCV  
  41  4:02  SCV  
  43  4:12  Supply Depot, SCV  
  43  4:14  SCV  
  43  4:17  Siege Tank  
  48  4:19  Marine  
  48  4:20  Marine  
  50  4:26  SCV x2  
  50  4:28  Raven  
  54  4:32  Supply Depot  
  54  4:37  Marine  
  55  4:38  SCV, Marine  
  55  4:39  SCV  
  55  4:44  Refinery  
  58  4:49  Siege Tank  
  58  4:50  SCV  
  62  4:54  SCV  
  62  4:55  Supply Depot  
  62  4:56  Marine x2  
  65  5:03  SCV  
  65  5:06  SCV  
  67  5:11  Orbital Command  
  67  5:17  SCV  
  67  5:18  SCV  
  69  5:22  Starport Reactor  
  69  5:23  Barracks  
  69  5:25  Barracks  
  69  5:27  Stimpack, Marine  
  70  5:30  SCV x2  
  70  5:33  Siege Tank  
  70  5:34  Orbital Command  
  75  5:36  Supply Depot  
  75  5:46  Engineering Bay, SCV x2  
  75  5:47  Engineering Bay  
  75  5:48  Marine  
  77  5:58  SCV x2  
  77  5:59  SCV  
  80  6:06  Marine  
  80  6:09  Siege Tank  
  80  6:10  SCV  
  80  6:11  Starport Reactor, SCV x2  
  84  6:13  Terran Infantry Armor Level 1, Terran Infantry Weapons Level 1  
  85  6:20  Missile Turret  
  85  6:21  Missile Turret, Marine x4  
  85  6:23  Missile Turret  
  85  6:24  Marine  
  89  6:28  SCV x3  
  86  6:40  SCV x3  
  86  6:42  Marine x4  
  86  6:43  Marine  
  86  6:45  Barracks x2, Siege Tank  
  97  6:50  Supply Depot x2  
  97  6:52  Medivac  
  97  6:53  Medivac  
  101  6:57  SCV  
  101  7:04  SCV  
  101  7:05  SCV  
  90  7:11  Marine x2  
  90  7:12  Marine x3  
  90  7:14  SCV  
  83  7:16  SCV  
  83  7:17  SCV  
  84  7:25  Medivac x2  
  84  7:26  SCV  
  84  7:28  SCV  
  84  7:29  SCV  
  91  7:32  Barracks Reactor x2  
  91  7:33  Armory  
  91  7:34  Combat Shield  
  91  7:35  Marine x5  
  95  7:38  SCV  
  95  7:39  Refinery x2  
  95  7:40  Refinery  
  95  7:41  SCV x2  
  98  7:50  SCV  
  99  7:53  SCV x2, Marine x5  
  99  7:56  Supply Depot, Sensor Tower  
  99  7:57  Supply Depot  
  106  8:02  SCV, Siege Tank  
  106  8:05  SCV  
  111  8:08  SCV  
  112  8:13  Marine x3  
  112  8:18  SCV x2  
  119  8:20  Supply Depot  
  119  8:21  Supply Depot  
  119  8:26  Terran Infantry Armor Level 2, Terran Infantry Weapons Level 2  
  117  8:28  SCV  
  117  8:29  Supply Depot  
  117  8:30  SCV x2  
  117  8:32  Terran Vehicle Weapons Level 1  
  117  8:33  Marine x3  
  117  8:34  Marine  
  124  8:37  Marine x2  
  124  8:38  Marine x2  
  124  8:39  Marine  
  129  8:41  Siege Tank  
  131  8:56  Marine x3  
  131  8:57  Marine x5  
  136  9:04  SCV x3, Marine  
  135  9:11  Factory, Medivac x2  
  135  9:14  Marine x5  
  143  9:17  Marine x2  
  143  9:18  Marine  
  143  9:22  Marine  
  145  9:25  Siege Tank  
  145  9:26  SCV x2  
  145  9:27  SCV  
  146  9:32  Marine x5  
  146  9:35  Marine x3  
  146  9:37  Command Center  
  154  9:40  Marine  
  154  9:42  Medivac  
  154  9:45  Medivac  
  157  9:52  Supply Depot x2  
  157  9:54  Marine x8  
  165  10:08  Barracks Reactor  
  165  10:12  Marine x7  
  163  10:18  Marine  
  163  10:22  Siege Tank  
  163  10:23  Siege Tank  
  163  10:27  Medivac x2  
  173  10:28  Refinery  
  173  10:29  Marine x6  
  173  10:30  Marine  
  173  10:33  Supply Depot  
  155  10:36  Marine  
  148  10:44  Marine x2  
  148  10:47  Marine x6  
  148  10:48  Marine  
  157  10:54  Siege Tank, Marine  
  157  10:55  Terran Infantry Weapons Level 3, Terran Infantry Armor Level 3  
  157  10:56  Siege Tank  
  164  11:00  SCV  
  164  11:01  SCV x2  
  164  11:02  Marine x2  
  166  11:05  Medivac x2, Marine x6  
  166  11:06  Marine  
  160  11:19  Marine x3  
  160  11:23  Marine x7  
  162  11:26  Siege Tank  
  162  11:28  Siege Tank  
  168  11:37  Marine x3  
  171  11:41  Viking x2, Marine x3  
  171  11:44  Marine x2  
  171  11:45  Marine x2  
  164  11:54  Marine  
  164  11:55  Marine x2  
  164  11:58  Planetary Fortress, Marine x3  
  170  12:02  Marine x2  
  170  12:03  Siege Tank x2  
  170  12:07  Marine x2  
  180  12:12  Marine  
  180  12:13  Marine x2  
  183  12:16  Marine x3  
  183  12:20  Marine x2  
  183  12:21  Viking x2  
  188  12:25  Marine x2  
  188  12:26  Barracks  
  188  12:28  Barracks  
  188  12:29  Barracks  
  187  12:30  Marine  
  187  12:31  Marine x2  
  187  12:38  Siege Tank  
  187  12:43  Marine x4  
  187  12:44  Marine x3  
  187  12:48  Marine  
  191  12:51  Viking x2  
  193  12:59  Marine x2  
  193  13:01  Sensor Tower, Command Center, Siege Tank, Marine x4  
  192  13:09  Marine x2  
  192  13:10  Siege Tank, Marine x2  
  196  13:17  Terran Vehicle Weapons Level 2, Marine x2  
  198  13:20  Marine x2  
  200  13:27  Barracks Reactor x2  
  200  13:28  Barracks Reactor  
  179  13:49  Marine x6  
  179  13:50  Marine x2  
  179  13:54  Marine x2  
  179  13:55  Siege Tank x2, Viking  
  161  14:06  Liberator, Marine x2  
  161  14:07  Marine x6  
  161  14:09  Marine x6  
  171  14:11  Marine x2  
  166  14:24  Marine x4  
  166  14:25  Marine x4  
  166  14:26  Planetary Fortress  
  166  14:27  Marine x6  
  166  14:29  Marine x2  
  182  14:36  Medivac  
  166  14:42  Marine x4  
  166  14:43  Marine x4  
  174  14:47  Siege Tank, Marine x6  
  174  14:48  Marine x2  
  174  14:49  Medivac  
  174  14:51  Siege Tank  
  190  15:00  Marine x4  
  190  15:02  Marine x2  
  190  15:03  Marine x2  
  198  15:13  Marine x3  
  198  15:30  Marine x4  
  200  15:38  Marine x3  
  194  15:44  Command Center  
  186  15:57  Marine x6  
  176  15:59  Siege Tank x2  
  176  16:00  Marine x2  
  176  16:01  Marine x2  
  171  16:12  Marine x6  
  171  16:13  Liberator x2  
  171  16:14  Marine x3  
  171  16:15  Marine  
  187  16:20  Marine x2  
  187  16:21  Marine x2  
  191  16:31  Siege Tank  
  183  16:47  Marine x4  
  170  16:48  Orbital Command  
  170  16:52  Marine x6  
  170  17:03  Sensor Tower  
  170  17:04  Marine x8  
  155  17:25  Marine x4  
  155  17:27  Marine x3  
  155  17:28  Marine x3  
  165  17:39  Marine x3  
  168  17:51  Planetary Fortress  
  157  17:54  Marine x4  
  157  17:55  Marine x2  
  155  18:03  Marine x4  
  152  18:18  Marine x2  
Show
View Real Time Build Order
Export as new Build Order

ByuN Terran 

Build Orders:  

Get SALT Encoding   

  12  0:00  SCV  
  13  0:12  SCV  
  14  0:16  Supply Depot  
  14  0:24  SCV  
  15  0:38  SCV  
  15  0:39  Barracks  
  16  0:43  Refinery  
  16  0:50  SCV  
  16  0:52  Refinery  
  17  1:02  SCV  
  18  1:14  SCV  
  19  1:25  Reaper  
  19  1:26  Orbital Command  
  19  1:28  Supply Depot  
  20  1:42  Factory  
  20  1:52  SCV  
  21  1:57  Reaper  
  22  2:04  SCV  
  23  2:16  SCV  
  23  2:21  Command Center  
  24  2:25  Hellion  
  24  2:28  SCV  
  27  2:31  Reaper  
  27  2:36  Supply Depot  
  28  2:40  SCV  
  29  2:47  Hellion  
  31  2:54  Starport  
  31  2:58  SCV  
  32  3:04  Barracks Tech Lab  
  32  3:09  Factory Tech Lab  
  32  3:10  SCV  
  33  3:17  Refinery  
  33  3:22  SCV  
  34  3:28  Barracks Reactor  
  34  3:29  Cyclone  
  34  3:33  Orbital Command  
  37  3:35  SCV  
  38  3:47  SCV  
  39  3:48  Raven  
  41  3:59  SCV x2  
  43  4:03  Barracks  
  43  4:04  Siege Tank  
  43  4:06  Marine x2  
  48  4:12  Supply Depot, SCV x2  
  50  4:24  SCV x2, Marine x2  
  50  4:30  Supply Depot  
  54  4:34  Raven  
  54  4:36  SCV x2  
  58  4:38  Supply Depot  
  58  4:44  Marine x2  
  60  4:48  SCV x2  
  60  4:51  Factory Reactor  
  62  4:56  Stimpack, Marine  
  63  5:00  SCV  
  63  5:01  SCV  
  63  5:03  Marine x2  
  67  5:13  SCV x2  
  69  5:19  Supply Depot, Command Center  
  69  5:24  Marine  
  69  5:25  SCV x2  
  69  5:26  Marine  
  69  5:27  Marine  
  74  5:35  Medivac x2  
  78  5:37  Supply Depot  
  78  5:41  Siege Tank, SCV x2  
  78  5:42  Marine  
  84  5:44  Marine x2  
  84  5:53  Refinery, SCV x2  
  84  5:54  Engineering Bay x2  
  84  6:01  Marine  
  84  6:02  Marine x2  
  87  6:15  Siege Tank  
  87  6:17  Starport Reactor, SCV x2  
  92  6:18  Barracks  
  92  6:19  Marine  
  92  6:20  Marine  
  92  6:21  Marine  
  92  6:22  Terran Infantry Armor Level 1, Terran Infantry Weapons Level 1  
  94  6:31  Supply Depot  
  94  6:32  Supply Depot  
  94  6:36  Marine  
  94  6:38  SCV x2  
  94  6:41  Combat Shield  
  94  6:50  Orbital Command, SCV x2  
  94  6:51  Barracks x2  
  96  6:55  Siege Tank  
  99  7:03  SCV x2  
  99  7:04  Marine  
  88  7:15  SCV  
  88  7:16  SCV  
  88  7:17  Marine x3  
  88  7:19  SCV  
  91  7:27  Siege Tank  
  91  7:28  SCV x2  
  95  7:31  SCV  
  95  7:32  Medivac x2  
  95  7:33  Armory  
  95  7:34  Supply Depot  
  99  7:37  Refinery  
  99  7:40  SCV x2  
  99  7:42  Marine  
  99  7:43  Marine x3  
  99  7:44  Barracks Reactor  
  105  7:45  Barracks Reactor  
  105  7:46  Missile Turret, Marine  
  105  7:49  SCV  
  107  7:51  Refinery  
  107  7:52  SCV x2  
  107  7:56  Supply Depot  
  109  7:59  Siege Tank  
  109  8:02  Sensor Tower  
  109  8:04  Marine x4  
  117  8:06  Medivac x2  
  117  8:09  SCV x3  
  124  8:19  Factory  
  123  8:21  SCV x3  
  123  8:22  Barracks Reactor, Marine x4  
  123  8:26  Marine  
  131  8:27  Marine x3  
  131  8:29  Supply Depot  
  131  8:32  Command Center  
  131  8:33  Siege Tank  
  137  8:37  Terran Infantry Weapons Level 2  
  137  8:40  SCV x3  
  140  8:43  Supply Depot  
  140  8:51  Marine x4  
  140  8:52  Supply Depot, Marine  
  143  8:56  Marine x2  
  143  8:57  Marine  
  143  8:58  Marine x2  
  147  9:08  Siege Tank  
  147  9:09  Marine x3  
  153  9:10  Marine  
  153  9:11  Marine  
  153  9:14  Marine x3  
  153  9:15  Marine  
  153  9:16  Marine  
  158  9:17  SCV  
  158  9:18  SCV  
  158  9:20  SCV  
  158  9:21  Terran Infantry Armor Level 2  
  159  9:27  Marine x3  
  159  9:28  Marine x2  
  159  9:29  Sensor Tower, SCV  
  152  9:32  Marine x3  
  152  9:33  Marine x2  
  151  9:45  Marine x3  
  152  9:46  Marine x2  
  152  9:50  Marine x3  
  152  9:51  Marine x2  
  157  9:59  Command Center  
  157  10:00  Siege Tank  
  157  10:01  Siege Tank  
  157  10:02  Marine  
  157  10:03  Marine  
  157  10:04  Marine x3  
  168  10:07  Terran Vehicle Weapons Level 1  
  168  10:10  Sensor Tower  
  166  10:16  Marine  
  166  10:17  Marine x4  
  166  10:20  Marine x2  
  160  10:25  Viking  
  160  10:26  Viking  
  164  10:32  Marine  
  164  10:33  Siege Tank x2  
  166  10:39  Marine  
  166  10:40  Sensor Tower  
  144  10:43  Marine x2  
  146  10:50  Marine x4  
  146  10:51  Marine x2  
  152  10:57  Marine  
  152  11:00  Terran Infantry Weapons Level 3, Marine  
  152  11:01  Marine  
  152  11:03  SCV x2  
  152  11:04  SCV  
  154  11:05  Siege Tank x2  
  160  11:15  SCV  
  160  11:17  SCV x2  
  153  11:19  Marine  
  153  11:20  Marine  
  153  11:21  Marine x3  
  153  11:22  Marine x3  
  137  11:25  Marine  
  137  11:26  Marine  
  137  11:27  SCV  
  137  11:29  SCV  
  139  11:33  Viking x2  
  139  11:37  Siege Tank x2, Marine  
  139  11:38  Marine  
  139  11:39  Marine x6  
  154  11:43  Marine  
  154  11:46  Marine  
  132  11:55  Planetary Fortress, SCV x3, Marine  
  132  11:56  Marine  
  132  11:57  Marine x3  
  136  12:03  Viking x2  
  136  12:06  Marine x5  
  145  12:09  Siege Tank x2  
  151  12:18  Marine x5  
  148  12:24  Marine x5  
  153  12:32  Liberator  
  153  12:33  Liberator  
  153  12:36  Marine x5  
  164  12:41  Siege Tank x2  
  164  12:42  Marine x5  
  162  12:48  Sensor Tower  
  162  12:54  Marine x4  
  162  12:56  Marine  
  165  13:03  Marine  
  165  13:04  Marine  
  165  13:05  Marine x3  
  169  13:09  Terran Infantry Armor Level 3  
  169  13:11  Marine  
  169  13:12  Marine  
  171  13:13  Command Center, Siege Tank x2  
  171  13:14  Marine x3  
  171  13:15  Viking x2  
  184  13:21  Marine  
  184  13:24  Sensor Tower  
  184  13:26  Marine x4  
  189  13:29  Marine x2  
  189  13:32  Marine x2  
  190  13:45  Siege Tank x2  
  190  13:48  Marine x8  
  178  13:50  Marine x2  
  140  13:55  Orbital Command  
  131  14:05  Marine  
  131  14:06  Marine x7  
  131  14:07  Marine  
  131  14:08  Marine  
  129  14:17  Siege Tank  
  129  14:23  Marine  
  129  14:24  Marine x7  
  135  14:25  Marine x2  
  135  14:26  Orbital Command  
  136  14:37  Medivac  
  130  14:41  Marine x6  
  130  14:42  Marine x2  
  130  14:43  Siege Tank, Marine x2  
  143  14:49  Medivac  
  145  14:59  Marine x6  
  151  15:07  Medivac, Marine x2  
  151  15:08  Marine x2  
  156  15:17  Marine x3  
  156  15:19  Medivac, Siege Tank  
  156  15:20  Siege Tank  
  167  15:25  Marine  
  167  15:26  Marine x4  
  171  15:28  Marine  
  171  15:29  Marine  
  171  15:34  Marine  
  171  15:37  Medivac  
  171  15:42  Marine x2  
  162  15:43  Marine  
  162  15:46  Marine x2  
  162  15:49  Marine  
  154  15:50  Marine  
  154  15:52  Siege Tank  
  154  15:55  Marine  
  151  15:58  Orbital Command  
  127  16:08  Marine  
  127  16:11  Marine x6  
  107  16:15  Marine x2  
  114  16:20  Marine  
  111  16:27  Marine  
  111  16:29  Marine  
  113  16:33  Marine  
  114  16:42  Orbital Command  
  110  16:50  Marine x7  
  96  16:54  Siege Tank  
  99  17:03  Siege Tank  
  99  17:04  Marine  
  103  17:11  Marine  
  103  17:13  Marine  
  105  17:20  Marine  
  101  17:25  Marine  
  101  17:26  Siege Tank, Marine x4  
  106  17:32  Marine x2  
  107  17:47  Marine  
  100  18:03  Marine  
  100  18:04  Marine x2  
  96  18:05  Marine  
  96  18:22  Starport Reactor  
Tags
 
Event
TSL 6
Matchup
TvT
Player
ByuNCure
Race
Terran
Spawn Locations
Cross Positions
Add a new tag
Caveats
  • Supply blocks, unpowered buildings, or Contaminate may cause inaccurate times.
  • Supply counts are checked every 10 seconds.